 Dungeon Crawl Stone Soup version 0.29-a0-275-g389c0b56f3 (webtiles) character file.

Game seed: 14012857304139289124

555 bande the Chopper (level 7, -10/44 HPs)
             Began as a Gargoyle Fighter on Mar 10, 2022.
             Mangled by Prince Ribbit (13 damage)
             ... on level 3 of the Dungeon.
             The game lasted 00:08:43 (4386 turns).

bande the Chopper (Gargoyle Fighter)                Turns: 4386, Time: 00:08:44

Health: -10/44     AC: 14    Str: 19    XL:     7   Next: 30%
Magic:  7/7        EV:  8    Int:  9    God:
Gold:   223        SH:  9    Dex: 11    Spells: 6/6 levels left

rFire   . . .      SeeInvis .   a - +0 war axe (vorpal)
rCold   . . .      Faith    .   n - +0 kite shield
rNeg    + . .      Spirit   .   b - +0 scale mail
rPois   ∞          Reflect  .   (no helmet)
rElec   +          Harm     .   v - +0 cloak
rCorr   .          Rampage  .   (no gloves)
Will    .....                   s - +0 pair of boots
Stlth   ..........              o - amulet of regeneration
HPRegen 0.94/turn               (no ring)
MPRegen 0.10/turn               (no ring)

@: no status effects
A: sickness immunity, AC +4, negative energy resistance 1, electricity
resistance, torment resistance 1, petrification resistance
a: no special abilities


You were on level 3 of the Dungeon.
You visited 1 branch of the dungeon, and saw 5 of its levels.

You collected 223 gold pieces.

Inventory:

Hand Weapons
 a - a +0 vorpal war axe (weapon)
Armour
 b - a +0 scale mail (worn)
 n - a +0 kite shield (worn)
 s - a +0 pair of boots (worn)
 v - a +0 cloak (worn)
Jewellery
 o - an amulet of regeneration (around neck)
Wands
 y - a wand of polymorph (14)
Scrolls
 j - a scroll of teleportation
 k - 2 scrolls of fear
 l - a scroll of vulnerability
 m - 4 scrolls of identify
 q - 5 scrolls of immolation {unknown}
 t - a scroll of enchant weapon {unknown}
 w - a scroll of fog {unknown}
 x - a scroll of amnesia {unknown}
 z - 2 scrolls of enchant armour {unknown}
Potions
 c - a potion of attraction {unknown}
 d - 3 potions of might
 e - 3 potions of curing
 f - 4 potions of flight {unknown}
 g - a potion of heal wounds {unknown}
 h - a potion of mutation {unknown}
 i - 4 potions of brilliance {unknown}
 r - a potion of lignification {unknown}
 u - a potion of degeneration {unknown}


   Skills:
 + Level 4.4 Fighting
 + Level 5.1 Axes
 + Level 4.7 Armour
 + Level 4.8 Shields


You had 6 spell levels left.
You didn't know any spells.
Your spell library contained the following spells:

 Spells                   Type           Power      Damage    Failure   Level
 Poisonous Vapours        Pois/Air       0%         N/A       99%         2
 Static Discharge         Conj/Air       0%         N/A       99%         2
 Call Canine Familiar     Summ           0%         N/A       100%        3
 Conjure Flame            Conj/Fire      0%         6-21      100%        3
 Mephitic Cloud           Conj/Pois/Air  0%         N/A       100%        3
 Portal Projectile        Hex/Tloc       0%         N/A       100%        3
 Dispel Undead            Necr           0%         3d6       100%        4
 Leda's Liquefaction      Hex/Erth       0%         N/A       100%        4
 Sticky Flame             Conj/Fire      0%         2d3       100%        4
 Conjure Ball Lightning   Conj/Air       0%         3x3d6     100%        6
 Discord                  Hex            0%         N/A       100%        8
 Disjunction              Tloc           0%         N/A       100%        8


Dungeon Overview and Level Annotations

Branches:
Dungeon (5/15)
 Temple: D:4-7

Altars:
Elyvilon

Annotations:
D:3 Prince Ribbit


Innate Abilities, Weirdness & Mutations

You are immune to sickness and miasma.
Your stone body is resilient. (AC +4)
You are immune to poison.
You resist negative energy. (rN+)
You are resistant to electric shocks. (rElec)
You are resistant to unholy torment.
You are immune to petrification.


Message History

Prince Ribbit gives a loud, deep croak!
The iguana hisses angrily.
The dart slug launches a dart at you. The slug dart hits you.
Found 11 gold pieces.
Found a stone staircase leading up.
There is a stone staircase leading up here.
You miss Prince Ribbit. You block Prince Ribbit's attack. x2
The iguana bites you!
Unknown command.
You block Prince Ribbit's attack. You block the dart slug's attack.
Prince Ribbit hits you but does no damage.
The iguana bites you.
You climb upwards.
There is a stone staircase leading down here.
Unknown command.
Prince Ribbit catches a small bird with his tongue.
Prince Ribbit closely misses you.
The iguana bites you but does no damage.
There is a stone staircase leading up here.
Prince Ribbit hits you.
The iguana bites you but does no damage.
You climb upwards.
There is a stone staircase leading down here.
Unknown command.
You hit the iguana.
The iguana is moderately wounded.
You hit Prince Ribbit. Prince Ribbit hits you! Prince Ribbit hits you.
The iguana bites you but does no damage.
You hit the iguana but do no damage.
The iguana is moderately wounded.
You closely miss Prince Ribbit. Prince Ribbit hits you. The iguana bites you.
Prince Ribbit blinks!
You block the iguana's attack.
You hit the iguana but do no damage.
The iguana is moderately wounded.
The iguana bites you but does no damage.
You slash the iguana!
You kill the iguana!
You hit Prince Ribbit. Prince Ribbit hits you!
* * * LOW HITPOINT WARNING * * *
You block Prince Ribbit's attack. Prince Ribbit hits you!
You die...

#.# ####......## #.#
#.....##.## #.#
#.###.##.#
#.###.###.##.#
#.........##+##
####..#.###...##
###..#.##.....##
###.#..#.#.......##
#..F@..#..........###
#.................+..
#.....##..........###
##.#.#.##.#.......##
##...##....##.....##
##.....########...##
##.......## ##'##
#.........# #.#
#<........#######.####


You could see Prince Ribbit.

Vanquished Creatures
  A kobold brigand (D:4)
  2 necrophages
  A scorpion (D:4)
  3 hounds
  A jelly (D:5)
  Crazy Yiuf (D:3)
  4 iguanas
  2 adders
  A worm (D:3)
  2 dart slugs
  An orc (D:3)
  6 bats
  7 endoplasms
  4 giant cockroaches
  11 goblins
  5 hobgoblins
  7 quokkas
  3 ball pythons
  A frilled lizard (D:1)
  6 kobolds
  5 rats
74 creatures vanquished.

Notes
Turn   | Place    | Note
-------+----------+-------------------------------------------
     0 | D:1      | bande the Gargoyle Fighter began the quest for the Orb.
     0 | D:1      | Reached XP level 1. HP: 14/14 MP: 1/1
   132 | D:1      | Reached skill level 2 in Axes
   143 | D:1      | Reached XP level 2. HP: 19/19 MP: 2/2
   731 | D:1      | Reached XP level 3. HP: 14/23 MP: 3/3
  1521 | D:2      | Found a faded altar of an unknown god.
  2381 | D:3      | Found a white marble altar of Elyvilon.
  2405 | D:3      | Reached XP level 4. HP: 28/28 MP: 4/4
  2858 | D:3      | Got the Disquisition on Virous Heat
  2897 | D:3      | Found a runed translucent door.
  2898 | D:3      | Noticed Crazy Yiuf
  3312 | D:3      | Killed Crazy Yiuf
  3313 | D:3      | Reached skill level 3 in Axes
  3393 | D:4      | Reached XP level 5. HP: 27/33 MP: 5/5
  3818 | D:4      | Noticed a kobold brigand
  3826 | D:4      | Killed a kobold brigand
  3827 | D:4      | Reached XP level 6. HP: 35/38 MP: 6/6
  3932 | D:4      | Reached skill level 4 in Axes
  4091 | D:5      | Entered Level 5 of the Dungeon
  4168 | D:5      | Reached XP level 7. HP: 38/44 MP: 7/7
  4205 | D:5      | Reached skill level 5 in Axes
  4374 | D:5      | Noticed Prince Ribbit
  4386 | D:3      | Mangled by Prince Ribbit

Illustrated notes

Levels and vault maps discovered:
D:1:      onia_arrival_pentagram, layout_basic, st_stairs_1, minmay_pentomino_p4
D:2:      layout_loops_corners, serial_co_window_serial,
          co_window_of_opportunity_a, co_window_corner_a, co_window_corner_a,
          co_window_paths_a, co_window_corner_a, co_window_corner_a,
          co_window_of_opportunity_c, co_window_corner_b, co_window_paths_c,
          co_window_corner_b, glass_columns_b, glass_columns_b,
          ebering_ecumenical_altar_petrified
D:3:      layout_loops_corners, elyvilon_altar_5, uniq_crazy_yiuf_cottage
D:4:      layout_rooms
D:5:      layout_loops_cross, nzn_wu_jian_contemplation, minivault_11,
          nicolae_specific_store, grunt_ministairs_13, uniq_prince_ribbit1

Skill      XL: |  1  2  3  4  5  6  7 |
---------------+----------------------+-----
Axes           | 2 3 4 5 |  5.1
Shields        | 4 |  4.8
Armour         | 4 |  4.7
Fighting       | 4 |  4.4

Action                   |  1- 3 |  4- 6 |  7- 9 || total
-------------------------+-------+-------+-------++-------
Melee: War axe           |   118 |   109 |    19 ||   246
  Use: Scroll            |     3 |     3 |     2 ||     8
Armor: Scale mail        |    78 |    61 |    13 ||   152
Dodge: Dodged            |    43 |    35 |     2 ||    80
Block: Buckler           |    18 |       |       ||    18
       Kite shield       |    17 |    52 |    15 ||    84

Table legend: (Time is in decaauts)
 A = Elapsed time spent in this place.
 B = Non-inter-level travel time spent in this place.
 C = Inter-level travel time spent in this place.
 D = Time resting spent in this place.
 E = Time spent auto-exploring this place.
 F = Levels seen in this place.
 G = Mean time per level.
                   A        B        C        D        E       F      G
               +--------+--------+--------+--------+--------+-----+--------+
         Total |   4514 |   4414 |    100 |    397 |   3147 |   5 |  902.8 |
       Dungeon |   4514 |   4414 |    100 |    397 |   3147 |   5 |  902.8 |
               +--------+--------+--------+--------+--------+-----+--------+

Top non-repeatable levels by time:
     D:1: 1241 daAuts
     D:3: 1151 daAuts
     D:2: 1051 daAuts
     D:4: 800 daAuts
     D:5: 269 daAuts
